 Dungeon Crawl Stone Soup version 0.30-a0-137-gd8773701ce (webtiles) character file.

Game seed: 10079322574454803546

65 OSaftLP the Ducker (level 4, 0/33 HPs)
             Began as a Djinni Gladiator on Sept 23, 2022.
             Was a Follower of Nemelex Xobeh.
             Slain by Pargi the scorpion (2 damage)
             ... on level 3 of the Dungeon.
             The game lasted 00:14:24 (2005 turns).

OSaftLP the Ducker (Djinni Gladiator)               Turns: 2005, Time: 00:14:25

Health: 0/33       AC:  7    Str: 13    XL:     4   Next: 34%
Gold:   98         EV: 10    Int:  9    God:    Nemelex Xobeh [*.....] SH:  0 Dex: 17

rFire   + + .      SeeInvis .    a - +0 long sword
rCold   x . .      Faith    .    (no shield)
rNeg    . . .      Spirit   .    p - +0 scale mail
rPois   ∞          Reflect  .    c - +0 helmet
rElec   .          Harm     .    (no cloak)
rCorr   .          Rampage  .    (no gloves)
Will    .....                    (boots unavailable)
Stlth   ..........               (no amulet)
HPRegen 0.11/turn                (no ring)
MPRegen 0.00/turn                (no ring)

@: flying
A: sickness immunity, fire resistance 2, cold vulnerability 1, float, innate
caster, HP casting, extra vitality 1
a: Renounce Religion, Draw Escape, Draw Destruction, Draw Summoning


You were on level 3 of the Dungeon.
You worshipped Nemelex Xobeh.
Nemelex Xobeh was aware of your devotion.
You visited 1 branch of the dungeon, and saw 3 of its levels.

You collected 98 gold pieces.

Inventory:

Hand Weapons
 a - a +0 long sword (weapon)
Missiles
 d - 3 throwing nets (quivered)
 e - a javelin
 u - 2 boomerangs
Armour
 b - a +0 leather armour
 c - a +0 helmet (worn)
 h - a +0 leather armour
 p - a +0 scale mail (worn)
Scrolls
 f - 3 scrolls of teleportation {unknown}
 j - 2 scrolls of vulnerability {unknown}
 k - a scroll of fog {unknown}
 n - a scroll of noise {unknown}
 q - a scroll of immolation
Potions
 g - a potion of cancellation {unknown}
 i - 2 potions of flight {unknown}
 l - 4 potions of curing {unknown}
 m - 2 potions of attraction {unknown}
 o - a potion of degeneration {unknown}
 r - a potion of lignification {unknown}
 s - a potion of might {unknown}
 t - a potion of haste {unknown}


   Skills:
 + Level 2.3 Fighting
 + Level 3.7 Long Blades
 + Level 1.7 Throwing
 + Level 0.8 Armour
 + Level 3.7 Dodging
 + Level 0.1 Stealth


You had 2 spell levels left.
You knew the following spells:

 Your Spells              Type           Power      Damage    Failure   Level
a - Beastly Appendage     Tmut           0%         N/A       89%         1
Your spell library was empty.

Dungeon Overview and Level Annotations

Branches:
Dungeon (3/15)

Altars:
Nemelex Xobeh

Shops:
D:1 (

Annotations:
D:3 Pargi


Innate Abilities, Weirdness & Mutations

You are immune to sickness and miasma.
You are immune to poison.
Your flesh is very heat resistant. (rF++)
You are vulnerable to cold. (rC-)
You float through the air rather than walking.
You learn spells naturally, not from books.
Your magical power is your life essence.
You have superior vitality. (+4 MHP)


Message History

You slash Pargi!
Pargi is moderately wounded.
Pargi barely misses you. Pargi claws you.
* * * LOW HITPOINT WARNING * * *
Pargi barely misses you. Pargi attacks as you move away!
Pargi bites you but does no damage. Pargi claws you but does no damage. x2
Pargi bites you but does no damage. Pargi barely misses you.
Pargi claws you but does no damage.
You draw a card...
You have drawn Degeneration.
Pargi evaporates and reforms as a scorpion!
Pargi twists and deforms.
Pargi closely misses you.
Unknown command.
Level annotation: Pargi Welcome back, OSaftLP the Djinni Gladiator.
Nemelex Xobeh says: It's all in the cards!
Press ? for a list of commands and other information.
Okay, then.
Okay, then.
You barely miss Pargi. Pargi stings you but does no damage.
You closely miss Pargi. Pargi barely misses you. Pargi stings you.
* * * LOW HITPOINT WARNING * * *
You draw a card...
You have drawn the Elixir.
You begin rapidly regenerating health and magic.
Pargi stings you.
* * * LOW HITPOINT WARNING * * *
Things that are here:
a +0 dagger; a ball python corpse; an orc corpse Pargi closely misses you.
There is a stone staircase leading up here.
Things that are here:
a +0 club; an orc corpse Pargi stings you.
* * * LOW HITPOINT WARNING * * *
Pargi attacks as you move away! Pargi barely misses you.
Pargi closely misses you.
Found a stone staircase leading down.
Pargi closely misses you. Pargi stings you.
You die...
Your body disappears without a glow.

##.....#
#####......#
#..))......#
#...)......#
#...<.##.###
#.....##.#
###..###T#
##.s.#.####
###@.....#
#...?...#
#........#
..........#
.##........#
..
........## >
...#.....#
..##.......


You could see Pargi the scorpion (misshapen).

Vanquished Creatures
  Jessica (D:2)
  3 dart slugs (D:1)
  4 orcs (D:3)
  5 ball pythons
  A bat (D:1)
  4 endoplasms (D:1)
  2 giant cockroaches
  2 goblins (D:1)
  3 hobgoblins
  2 rats (D:1)
27 creatures vanquished.

Vanquished Creatures (others)
  A plant (D:2)
1 creature vanquished.

Grand Total: 28 creatures vanquished

Notes
Turn   | Place    | Note
-------+----------+-------------------------------------------
     0 | D:1      | OSaftLP the Djinni Gladiator began the quest for the Orb.
     0 | D:1      | Reached XP level 1. HP: 18/18 MP: 0/0
   114 | D:1      | Reached XP level 2. HP: 10/23 MP: 0/0
   494 | D:1      | Reached XP level 3. HP: 25/28 MP: 0/0
   494 | D:1      | Learned a level 1 spell: Beastly Appendage
   584 | D:1      | Found Biffit's Weapon Emporium.
   962 | D:2      | Found a faded altar of an unknown god.
  1257 | D:2      | Prayed at the altar of an unknown god.
  1257 | D:2      | Became a worshipper of Nemelex Xobeh the Trickster
  1257 | D:2      | Reached * piety under Nemelex Xobeh
  1257 | D:2      | Received a gift from Nemelex Xobeh
  1389 | D:2      | Noticed Jessica
  1402 | D:2      | Killed Jessica
  1403 | D:2      | Reached XP level 4. HP: 28/33 MP: 0/0
  1984 | D:3      | Noticed Pargi
  1994 | D:3      | Pargi changed into Pargi the scorpion
  1994 | D:3      | Noticed Pargi
  2000 | D:3      | HP: 1/33 [Pargi the scorpion (3)]
  2005 | D:3      | Slain by Pargi the scorpion

Illustrated notes

Levels and vault maps discovered:
D:1:      psy_arrival_terrarium, layout_basic, serial_shops,
          nicolae_shop_bloodbath_and_beyond
D:2:      layout_loops_cross, hellmonk_ecumenical_altar_blasted, serial_forest,
          infiniplex_forest_straight_3, infiniplex_forest_end_1,
          infiniplex_forest_lined_2, infiniplex_forest_end_3,
          infiniplex_forest_lined_room_2, infiniplex_forest_straight_1,
          uniq_jessica
D:3:      layout_rooms, mainiacjoe_overflow_divided_tiny, uniq_pargi

Skill      XL: |  1 |
---------------+----+-----
Long Blades    | 3 |  3.7
Fighting       | |  2.3
Throwing       | |  1.7
Armour         | |  0.8
Dodging        | |  3.7
Stealth        | |  0.1

Action                   |  1- 3 |  4- 6 || total
-------------------------+-------+-------++-------
Melee: Long sword        |   106 |    31 ||   137
       Punch             |     2 |     1 ||     3
Invok: Draw Escape       |       |     1 ||     1
       Draw Destruction  |       |     1 ||     1
Armor: Leather armour    |     7 |       ||     7
       Scale mail        |     5 |    25 ||    30
Dodge: Dodged            |    26 |    28 ||    54

Table legend: (Time is in decaauts)
 A = Elapsed time spent in this place.
 B = Non-inter-level travel time spent in this place.
 C = Inter-level travel time spent in this place.
 D = Time resting spent in this place.
 E = Time spent auto-exploring this place.
 F = Levels seen in this place.
 G = Mean time per level.
                   A        B        C        D        E       F      G
               +--------+--------+--------+--------+--------+-----+--------+
         Total |   2036 |   2036 |      0 |      0 |      0 |   3 |  678.7 |
       Dungeon |   2036 |   2036 |      0 |      0 |      0 |   3 |  678.7 |
               +--------+--------+--------+--------+--------+-----+--------+

Top non-repeatable levels by time:
     D:2: 1165 daAuts
     D:1: 794 daAuts
     D:3: 76 daAuts
